 Dungeon Sprint DCSS version 0.31.0-12-g77e489cdc1 (webtiles) character file.

Game seed: 7634639810568014009

6 Heoruswealwe the Covered (level 1, -1/20 HPs)
             Began as a Minotaur Fighter on Feb 15, 2024.
             Slain by an iguana (11 damage)
             ... in the Dungeon (Sprint IX: "|||||||||||||||||||||||||||||").
             The game lasted 00:00:16 (34 turns).

Heoruswealwe the Covered (Minotaur Fighter)           Turns: 34, Time: 00:00:16

Health: -1/20      AC:  7    Str: 20    XL:     1   Next: 75%
Magic:  0/0        EV:  9    Int:  5    God:
Gold:   0          SH:  4    Dex:  9    Spells: 0/0 levels left

rFire   . . .        a - +0 trident
rCold   . . .        d - +0 buckler
rNeg    . . .        c - +0 scale mail
rPois   .            (helmet restricted)
rElec   .            (no cloak)
rCorr   .            (no gloves)
SInv    .            (no boots)
Will    .....        (no amulet) Stlth
                     (no ring)
HPRegen 0.23/turn    (no ring)
MPRegen 0.07/turn

%: no teleportation
@: no status effects
A: horns 2, retaliatory headbutt
a: no special abilities


You were in the Dungeon.
You visited 1 branch

Inventory:

Hand Weapons
 a - a +0 trident (weapon)
Armour
 c - a +0 scale mail (worn)
 d - a +0 buckler (worn)
Scrolls
 j - a scroll of blinking
Potions
 b - a potion of might
 e - a potion of curing
 f - a potion of heal wounds
 g - a potion of haste
 h - 2 potions of magic
 i - a potion of berserk rage


   Skills:
 + Level 4.2 Fighting
 * Level 3.9 Polearms
 + Level 4.2 Armour
 - Level 3.6 Shields


You couldn't memorise any spells.
You didn't know any spells.
Your spell library was empty.

Dungeon Overview and Level Annotations

Branches:
Dungeon (1/1)

Altars:


Innate Abilities, Weirdness & Mutations

You have a pair of horns on your head.
You reflexively headbutt those who attack you in melee.


Message History

You closely miss the giant cockroach.
The giant cockroach bites you but does no damage.
You puncture the giant cockroach!
You kill the giant cockroach!
The endoplasm freezes you.
You are frozen.
Your Fighting skill increases to level 4!
Your Armour skill increases to level 4!
You puncture the endoplasm!
You kill the endoplasm!
You barely miss the giant cockroach. The giant cockroach barely misses you.
You hit the giant cockroach but do no damage.
You headbutt the giant cockroach.
You kill the giant cockroach!
There is an open door to the Dungeon here.
Items here: ) †††.
Press: ? - help, v - describe, . - travel, g - get item
Items here: ) †††.
An open door to the Dungeon.
You start resting.
HP restored.
You open the door.
An iguana, a hound, an ogre, an orc and an adder come into view.
The iguana hisses angrily.
The hound barks!
The ogre shouts!
The orc shouts!
The adder hisses angrily.
You closely miss the iguana. You block the iguana's attack.
You puncture the iguana!
The iguana is heavily wounded.
The iguana closely misses you.
You completely miss the iguana. You headbutt the iguana.
The iguana is almost dead.
The iguana bites you! You block the iguana's attack.
You closely miss the iguana.
The iguana is almost dead.
The iguana bites you.
You barely miss the iguana.
The iguana is almost dead.
The iguana bites you!
Ouch! That really hurt!
You die...

▓.▓
▓.▓
▓.▓
▓)▓
▓.▓
▓.▓
▓.▓
▓.▓
▓@▓
▓l▓
▓h▓
▓O▓
▓o▓
▓S▓
▓.▓
▓+▓


You could see an ogre, an iguana, a hound, an adder and an orc.

Vanquished Creatures
  An endoplasm (D)
  2 giant cockroaches (D)
  A goblin (D)
  A frilled lizard (D)
5 creatures vanquished.

Notes
Turn   | Place    | Note
-------+----------+-------------------------------------------
     0 | D        | Heoruswealwe the Minotaur Fighter began the quest for the
                  | Orb.
     0 | D        | Reached XP level 1. HP: 19/19 MP: 0/0
    29 | D        | Noticed an iguana
    29 | D        | Noticed a hound
    29 | D        | Noticed an ogre
    34 | D        | Slain by an iguana

Illustrated notes

Levels and vault maps discovered:
D:        linesprint [early_d, line_temple, items_1, d_10, items_2, lair_1,
          lair_end, items_3, orc_1, orc_end, items_4, d_15, swamp_1, shoals_1,
          snake_1, spider_1, d_20, vaults_1, items_5, swamp_end, shoals_end,
          snake_end, spider_end, vaults_end, d_27, items_6, zot_1, zot_end,
          crypt_end, forest_end, elf_end, slime_end, tomb_end, abyss_end,
          pan_hell_end]

Skill      XL: |  1 |
---------------+----+-----
Polearms       | 3 |  3.9
Fighting       | 4 |  4.2
Armour         | 4 |  4.2
Shields        | |  3.6

Action                     || total
---------------------------++-------
  Melee: Trident           ||    14
         Headbutt          ||     3
 Armour: Scale mail        ||     5
  Dodge: Dodged            ||     3
  Block: Buckler           ||     3
